 Dungeon Crawl Stone Soup version 0.27-a0-1071-ga85bd9520d (webtiles) character file.

Game seed: 10638672191887366622

112 1player the Skirmisher (level 4, -1/31 HPs)
             Began as an Octopode Transmuter on Apr 24, 2021.
             Slain by an endoplasm (2 damage)
             ... on level 2 of the Dungeon.
             The game lasted 00:07:54 (2388 turns).

1player the Skirmisher (Octopode Transmuter)        Turns: 2388, Time: 00:07:55

Health: -1/31      AC:  1    Str:  9    XL:     4   Next: 95%
Magic:  5/7        EV: 13    Int: 16    God:
Gold:   57         SH:  0    Dex: 12    Spells: 5/7 levels left

rFire    . . .     SeeInvis .     - Unarmed
rCold    . . .     Faith    .   (no shield)
rNeg     . . .     Spirit   .   (helmet currently unavailable)
rPois    .         Reflect  .   (no amulet)
rElec    .         Harm     .   (no ring)
rCorr    .         Rampage  .   (no ring)
Will     .....                  (no ring)
Stlth    ++........             (no ring)
HPRegen  0.10/turn              (no ring)
MPRegen  0.10/turn              (no ring)
                                (no ring)
                                (no ring)

@: lethally poisoned (-1 -> -7), appendages
A: tentacle spike 3, almost no armour, amphibious, 8 rings, camouflage 1,
gelatinous body 1, (nimble swimmer 1), tentacles
a: End Transformation


You were on level 2 of the Dungeon.
One of your tentacles had grown a beastly spike.
You visited 1 branch of the dungeon, and saw 2 of its levels.

You collected 57 gold pieces.

Inventory:

Jewellery
 b - an amulet of faith
Scrolls
 a - 2 scrolls of teleportation
 c - a scroll of enchant weapon {unknown}
 f - a scroll of vulnerability
 g - a scroll of enchant armour {unknown}
Potions
 d - a potion of degeneration {unknown}
 e - a potion of mutation {unknown}
 h - a potion of cancellation {unknown}
 i - 2 potions of might {unknown}
 j - a potion of ambrosia {unknown}


   Skills:
 + Level 3.4 Fighting
 - Level 2.7 Dodging
 - Level 3.0 Unarmed Combat
 - Level 2.0 Spellcasting
 - Level 2.0 Necromancy
 - Level 2.0 Transmutations


You had 5 spell levels left.
You knew the following spells:

 Your Spells              Type           Power      Damage    Failure   Level
q - Beastly Appendage     Tmut           16%        N/A       9%          1
Q - Animate Skeleton      Necr           16%        N/A       9%          1

Your spell library contained the following spells:

 Spells                   Type           Power      Damage    Failure   Level
 Pain                     Necr           32%        1d5       9%          1
 Wereblood                Tmut           8%         N/A       14%         2
 Vampiric Draining        Necr           4%         2d6       26%         3
 Spider Form              Tmut/Pois      2%         N/A       38%         3
 Animate Dead             Necr           4%         N/A       65%         4
 Ice Form                 Ice/Tmut       4%         N/A       80%         4
 Agony                    Necr           8%         N/A       94%         5
 Hydra Form               Tmut           4%         N/A       94%         5


Dungeon Overview and Level Annotations

Branches:
Dungeon (2/15)

Altars:

Annotations:
D:2 exclusion: orc warrior


Innate Abilities, Weirdness & Mutations

One of your tentacles has grown a beastly spike.
You cannot wear most types of armour.
You are amphibious.
You can wear up to eight rings at the same time.
Your skin changes colour to match your surroundings (Stealth+).
Your rubbery body absorbs attacks. (AC +1, EV +1)
((You are camouflaged near water. (Stealth+)))
You have tentacles for arms and can constrict up to eight enemies at once.


Message History

Casting: Beastly Appendage (safe; 9% risk of failure)
Confirm with . or Enter, or press ? or * to list all spells.
One of your tentacles grows a vicious spike.
The scorpion barely misses you.
You tentacle-slap the scorpion. You grab the scorpion.
You pierce the scorpion.
You squeeze the scorpion.
The scorpion is severely wounded.
You constrict the scorpion, but do no damage.
The scorpion barely misses you.
You tentacle-slap the scorpion but do no damage.
You pierce the scorpion.
The scorpion is severely wounded.
You constrict the scorpion, but do no damage.
The scorpion stings you!
You are poisoned.
The scorpion poisons you!
You tentacle-slap the scorpion but do no damage.
The scorpion is severely wounded.
You constrict the scorpion.
You feel very sick. The scorpion stings you!
* * * LOW HITPOINT WARNING * * *
The scorpion closely misses you.
You tentacle-slap the scorpion but do no damage.
You pierce the scorpion.
The scorpion is almost dead.
You constrict the scorpion.
You kill the scorpion!
* * * LOW HITPOINT WARNING * * *
You feel very sick. The endoplasm hits you.
* * * LOW HITPOINT WARNING * * *
Your Fighting skill increases to level 3!
You have reached level 4!
You tentacle-slap the endoplasm but do no damage.
You tentacle-slap the endoplasm.
The endoplasm is lightly wounded.
* * * LOW HITPOINT WARNING * * *
You feel sick. The endoplasm hits you.
You die...

.##.##.#.##.######.#.##
....<.........##...#.#
................ #.J.#
.............)####.###
..............##...#
..####...........###
....##........##.#
...............J.#
..............##@######
..#####..#######......#
.## ##.).#####...<.)#
## ###............#
#######......# ########
##########
#############........#
...............#######


You could see an endoplasm.

Vanquished Creatures
  A scorpion (D:2)
  2 worms (D:2)
  2 dart slugs (D:1)
  An orc (D:2)
  5 ball pythons
  7 endoplasms (D:1)
  3 goblins
  2 hobgoblins
  6 jackals (D:1)
  A kobold (D:2)
  2 quokkas
  3 bats
  5 frilled lizards
40 creatures vanquished.

Vanquished Creatures (others)
  5 plants (D:1)
5 creatures vanquished.

Grand Total: 45 creatures vanquished

Notes
Turn   | Place    | Note
-------+----------+-------------------------------------------
     0 | D:1      | 1player the Octopode Transmuter began the quest for the
                  | Orb.
     0 | D:1      | Reached XP level 1. HP: 13/13 MP: 3/3
   256 | D:1      | Reached XP level 2. HP: 15/18 MP: 3/5
   575 | D:1      | Learned a level 1 spell: Animate Skeleton
   610 | D:1      | Reached skill level 1 in Necromancy
   738 | D:1      | Reached XP level 3. HP: 21/24 MP: 4/6
  2036 | D:2      | Noticed an orc warrior
  2368 | D:2      | Noticed a scorpion
  2387 | D:2      | Killed a scorpion
  2388 | D:2      | Reached XP level 4. HP: 3/31 MP: 5/7
  2388 | D:2      | HP: 1/31 [poisoned by a scorpion]
  2388 | D:2      | Slain by an endoplasm

Illustrated notes

Levels and vault maps discovered:
D:1:      denvon_arrival_planthouse, layout_basic
D:2:      minmay_chambers_of_ones, layout_rooms,
          chequers_ecumenical_altar_simple_redux, minmay_tromino_v2

Skill      XL: |  1  2  3 |
---------------+----------+-----
Necromancy     | 1 2 |  2.0
Fighting       | 3 |  3.4
Dodging        | |  2.7
Unarmed Combat | |  3.0
Spellcasting   | |  2.0
Transmutations | |  2.0

Action                   |  1- 3 |  4- 6 || total
-------------------------+-------+-------++-------
Melee: Unarmed           |    77 |     1 ||    78
       Constrict         |    19 |       ||    19
       Tentacles         |    19 |       ||    19
       Kick              |    19 |       ||    19
       Punch             |     2 |     1 ||     3
 Cast: Beastly Appendage |    22 |       ||    22
       Animate Skeleton  |     8 |       ||     8
  Use: Scroll            |     2 |       ||     2
 Stab: Sleeping          |     2 |       ||     2
Armor: Skin              |     6 |       ||     6
Dodge: Dodged            |    53 |       ||    53

Table legend: (Time is in decaauts)
 A = Elapsed time spent in this place.
 B = Non-inter-level travel time spent in this place.
 C = Inter-level travel time spent in this place.
 D = Time resting spent in this place.
 E = Time spent auto-exploring this place.
 F = Levels seen in this place.
 G = Mean time per level.
                   A        B        C        D        E       F      G
               +--------+--------+--------+--------+--------+-----+--------+
         Total |   2384 |   2332 |     52 |    846 |    699 |   2 | 1192.0 |
       Dungeon |   2384 |   2332 |     52 |    846 |    699 |   2 | 1192.0 |
               +--------+--------+--------+--------+--------+-----+--------+

Top non-repeatable levels by time:
     D:1: 1646 daAuts
     D:2: 737 daAuts
